 Dungeon Crawl Stone Soup version 0.29-a0-847-g24c0ca63c9 (webtiles) character file.

Game seed: 14986815163184182205

46584 Malachi the Bludgeoner (level 14, -3/122 HPs)
             Began as a Hill Orc Fighter on July 16, 2022.
             Was the Champion of Beogh.
             Slain by a death yak (23 damage)
             ... on level 5 of the Lair of Beasts.
             The game lasted 00:35:51 (21778 turns).

Malachi the Bludgeoner (Hill Orc Fighter)          Turns: 21778, Time: 00:35:52

Health: -3/122     AC: 15    Str: 24    XL:     14   Next: 38%
Magic:  25/25      EV:  9    Int:  8    God:    Beogh [******]
Gold:   1018       SH: 19    Dex: 16    Spells: 13/13 levels left

rFire   . . .      SeeInvis +   s - +8 morningstar (distort)
rCold   . . .      Faith    .   C - +0 kite shield {reflect}
rNeg    . . .      Spirit   .   L - +0 swamp dragon scales
rPois   +          Reflect  +   m - +0 helmet
rElec   .          Harm     .   y - +1 cloak
rCorr   .          Rampage  .   l - +0 pair of gloves
Will    +....                   q - +2 pair of boots
Stlth   +.........              f - amulet of reflection
HPRegen 0.30/turn               e - +6 ring of dexterity
MPRegen 0.19/turn               A - ring of see invisible

@: no status effects
A: walk on water
a: Renounce Religion, Smiting, Recall Orcish Followers, Give Item to Named
Follower, Resurrection


You were on level 5 of the Lair of Beasts.
You worshipped Beogh.
Beogh was exalted by your worship.
You visited 3 branches of the dungeon, and saw 20 of its levels.

You collected 1305 gold pieces.
You spent 287 gold pieces at shops.

Inventory:

Hand Weapons
 a - a +0 war axe of venom
 n - a +2 dagger of venom
 p - the +7 whip "Cusuujas" {distort, Will+ MP+9}
   (You found it on level 2 of the Dungeon)

   It warps and distorts space around it, and may blink, banish, or inflict
   extra damage upon those it strikes.
   Unwielding it can cause banishment or high damage.
   MP:        It affects your magic capacity (+9).
   Will:      It increases your willpower.
 s - a +8 morningstar of distortion (weapon)
 H - the +9 trident of Fortitude {elec, Dex+2 Stlth+}
   (You took it off an orc wizard on level 10 of the Dungeon)

   It occasionally discharges a powerful burst of electricity upon striking a
   foe.
   Dex:       It affects your dexterity (+2).
   Stlth:     It makes you more stealthy.
Missiles
 t - 4 throwing nets (quivered)
Armour
 l - a +0 pair of gloves (worn)
 m - a +0 helmet (worn)
 q - a +2 pair of boots (worn)
 y - a +1 cloak (worn)
 C - a +0 kite shield of reflection (worn)
 L - +0 swamp dragon scales (worn)
Jewellery
 e - a +6 ring of dexterity (left hand)
 f - an amulet of reflection (around neck)
 j - a ring of resist corrosion
 A - a ring of see invisible (right hand)
 M - a +6 ring of dexterity
 P - an amulet of the acrobat
Wands
 o - a wand of acid (14)
 F - a wand of flame (26)
 G - a wand of polymorph (4)
 K - a wand of digging (5)
 R - a wand of mindburst (7)
Scrolls
 b - 2 scrolls of summoning
 h - 5 scrolls of fear
 r - 7 scrolls of vulnerability
 u - 5 scrolls of blinking
 v - 6 scrolls of teleportation
 w - 3 scrolls of fog
 x - 3 scrolls of amnesia
 I - 5 scrolls of magic mapping
 S - a scroll of enchant weapon
Potions
 c - a potion of heal wounds
 d - 3 potions of might
 i - 9 potions of curing
 k - 4 potions of lignification
 z - 3 potions of flight
 B - a potion of cancellation
 D - 7 potions of mutation
 E - 4 potions of brilliance
 J - 2 potions of berserk rage {unknown}
 N - a potion of ambrosia {unknown}
 O - 4 potions of magic {unknown}
 Q - a potion of haste {unknown}


   Skills:
 + Level 10.5 Fighting
 - Level 5.8(13.3) Axes
 - Level 15.7(16.0) Maces & Flails
 - Level 3.2 Armour
 - Level 15.0 Shields
 + Level 15.4 Invocations


You had 13 spell levels left.
You didn't know any spells.
Your spell library contained the following spells:

 Spells                   Type           Power      Damage    Failure   Level
 Magic Dart               Conj           0%         1d3       75%         1
 Sandblast                Erth           0%         2d4       75%         1
 Sting                    Tmut/Pois      0%         1d3       75%         1
 Summon Small Mammal      Summ           0%         N/A       75%         1
 Ensorcelled Hibernation  Hex/Ice        0%         N/A       87%         2
 Passwall                 Tmut/Erth      0%         N/A       87%         2
 Poisonous Vapours        Pois/Air       0%         N/A       87%         2
 Searing Ray              Conj           0%         2d4       87%         2
 Call Canine Familiar     Summ           0%         N/A       98%         3
 Dazzling Flash           Conj/Hex       0%         N/A       98%         3
 Gell's Gravitas          Tloc           0%         N/A       98%         3
 Stone Arrow              Conj/Erth      0%         3d7       98%         3
 Summon Guardian Golem    Hex/Summ       0%         N/A       98%         3
 Swiftness                Air            0%         N/A       98%         3
 Teleport Other           Tloc           0%         N/A       98%         3
 Airstrike                Air            0%         0-1+      100%        4
 Fulminant Prism          Conj/Hex       0%         3d6       100%        4
 Hailstorm                Conj/Ice       0%         3d3       100%        4
 Ice Form                 Ice/Tmut       0%         N/A       100%        4
 Iskenderun's Mystic Bla  Conj/Tloc      0%         2d3       100%        4
 Olgreb's Toxic Radiance  Pois           0%         N/A       100%        4
 Summon Ice Beast         Ice/Summ       0%         N/A       100%        4
 Summon Lightning Spire   Summ/Air       0%         N/A       100%        4
 Agony                    Necr           0%         N/A       100%        5
 Freezing Cloud           Conj/Ice/Air   0%         6-21      100%        5
 Lightning Bolt           Conj/Air       0%         1d11      100%        5
 Summon Mana Viper        Hex/Summ       0%         N/A       100%        5
 Dispersal                Tloc           0%         N/A       100%        6
 Simulacrum               Ice/Necr       0%         N/A       100%        6
 Starburst                Conj/Fire      0%         6d3       100%        6
 Monstrous Menagerie      Summ           0%         N/A       100%        7
 Infestation              Necr           0%         N/A       100%        8
 Polar Vortex             Ice            0%         N/A       100%        9


Dungeon Overview and Level Annotations

Branches:
Dungeon (13/15)            Temple (1/1) D:5            Lair (6/6) D:10
  Swamp (0/4) Lair:2        Snake (0/4) Lair:3        Slime (0/5) Lair:5
    Orc (0/2) D:11         Vaults (0/5) D:13

Altars:
Ashenzari
Cheibriados
Dithmenos
Elyvilon
Fedhas
Gozag
Hepliaklqana
Kikubaaqudgha
Makhleb
Nemelex Xobeh
Okawaru
Qazlal
Ru
Sif Muna
Trog
Uskayaw
Vehumet
Wu Jian
Xom
Yredelemnul
Zin
The Shining One
Jiyva

Shops:
D:4 (   D:8 [

Annotations:
D:13 3 runed translucent doors, exclusion: 4 doors, RepoMan's ghost, journeyman FeAr
Abyss:1 Grinder, Ijyb


Message History

Beogh accepts your kill.
Borgun looks more experienced.
Borgun hits the death yak with the +8 battleaxe "Wila" {vorpal, Str+4}!
Borgun hits the yak with the +8 battleaxe "Wila" {vorpal, Str+4}!
The yak dies!
Beogh accepts your kill.
Beogh blesses Borgun with healing.
You climb upwards.
There is a stone staircase leading down here.
You climb downwards.
A cane toad comes into view.
The death yak closely misses you.
A death yak comes into view.
You block the death yak's attack. x2; Bogdan throws a boomerang.
The boomerang barely misses the death yak.
A komodo dragon comes into view.
There is a stone staircase leading up here.
The sentinel's mark upon you fades away.
You block the death yak's attack.
The death yak gores you but does no damage.
The death yak gores you.
* * * LOW HITPOINT WARNING * * *
You climb upwards.
Borgun unwields the +8 battleaxe "Wila" {vorpal, Str+4}.
Borgun wields a +0 arbalest.
Borgun shoots a bolt.
The bolt hits the death yak!
Borgun shoots a bolt.
The bolt hits the death yak!
There is a stone staircase leading down here.
You feel much better.
The death yak gores you but does no damage.
You block the death yak's attack. The death yak gores you!!
* * * LOW HITPOINT WARNING * * *
Borgun shoots a bolt.
The bolt hits the death yak but does no damage.
Bogdan hits the death yak with a +2 long sword!!!
As you read the scroll of fear, it crumbles to dust.
You assume a fearsome visage.
The death yak looks frightened!
The death yak resists with some effort.
The death yak resists with almost no effort.
The death yak barely misses you. The death yak gores you!!
You die...

#......###....## #......###.P....
#.....####.....####.....#.#......
.....## #......#.#.....#..#......
......###.......###..............
......#.....≈≈≈..#..(............
...<........≈≈≈.###..............
#..........≈≈≈..Y................
.............≈≈o.......###.#.....
................@Y......####.....
.....PPP#......Y.......## #......
#....P####...o..........# ##.....
......# #..[.#........## ##....
.....## ##....##.##....## #.....
.....# #.....####P.....# ##....
.....# #P....## ##....## #....
.....## #......# #......# ##....
......# #......# #.....## #.....


You could see 3 death yaks, the friendly Bogdan the orc knight (strong,
poisoned) and the friendly Borgun the orc knight (strong).

Vanquished Creatures
  A fire giant (shapeshifter) (D:13)
  A hydra (D:11)
  Harold (D:11)
  The ghost of generaletaddeo the Conjurer, a journeyman MeWn of Sif Muna (D:9)
  An orc high priest (Lair:5)
  2 centaur warriors
  Amaemon (Lair:3)
  A steelbarb worm (shapeshifter) (D:13)
  Pikel (D:6)
  3 ugly things (D:13)
  A deep elf pyromancer (D:13)
  2 elephants (Lair:2)
  6 black mambas
  A gargoyle (D:12)
  Maggie (D:6)
  2 unseen horrors
  An orange demon (Lair:3)
  A rime drake (shapeshifter) (D:13)
  7 cane toads
  9 komodo dragons
  5 trolls
  3 polar bears
  Prince Ribbit (D:7)
  A hornet (Lair:4)
  3 blink frogs (Lair:6)
  12 slime creatures
  A jumping spider (shapeshifter) (D:13)
  40 yaks
  A centaur simulacrum (D:12)
  2 wyverns
  9 humans (D:10)
  A basilisk (Lair:3)
  2 steam dragons
  4 vampire mosquitoes
  A swamp worm (Lair:2)
  11 water moccasins
  An acid dragon (D:10)
  2 orc warriors
  An ice beast (D:6)
  A black bear (D:5)
  2 ogres (D:6)
  5 wolves
  6 centaurs
  2 kobold brigands
  A gnoll sergeant (D:6)
  4 bullfrogs
  2 scorpions
  3 necrophages
  5 wights (D:7)
  3 killer bees (D:9)
  6 howler monkeys
  4 electric eels (D:10)
  2 centaur zombies (D:6)
  6 crimson imps (D:10)
  3 quasits (D:9)
  9 hounds
  A jelly (Lair:3)
  A jelly (shapeshifter) (D:13)
  4 orc priests
  Natasha (twice) (D:4)
  Terence (D:2)
  3 iguanas
  10 orc wizards
  A hell rat (Lair:2)
  A howler monkey zombie (D:6)
  4 gnolls
  15 adders
  4 river rats (Lair:2)
  2 white imps (D:10)
  An ufetubus (D:6)
  4 worms
  3 dart slugs
  24 orcs
  7 ball pythons
  4 bats
  13 endoplasms
  2 giant cockroaches (D:1)
  8 goblins
  9 hobgoblins
  15 jackals
  19 kobolds
  3 quokkas
  5 frilled lizards
  9 rats
384 creatures vanquished.

Vanquished Creatures (collateral kills)
  The ghost of Garessta the Skirmisher, an adept GnHu of Ashenzari (Lair:3)
  A great orb of eyes (Lair:3)
  Sonja (Lair:2)
  A bog body (Lair:2)
  A glowing orange brain (D:13)
  2 ugly things (D:13)
  An elephant (Lair:2)
  4 black mambas
  7 cane toads
  A gargoyle (D:13)
  A kobold demonologist (D:13)
  3 komodo dragons
  2 rime drakes
  A tengu conjurer (D:13)
  2 trolls (D:13)
  5 slime creatures
  9 blink frogs
  25 yaks
  A neqoxec (D:9)
  A vampire mosquito (D:13)
  2 basilisks (Lair:3)
  A swamp worm (Lair:2)
  8 water moccasins
  6 wolves
  A centaur (D:11)
  3 bullfrogs
  4 electric eels
  An orc priest (D:9)
  2 jellies (Lair:3)
  2 orc wizards
  Natasha (D:4)
  A hell rat (Lair:2)
  6 adders (Lair:4)
  6 river rats (Lair:2)
  3 orcs
  9 bats (Lair:6)
  A frilled lizard (D:2)
127 creatures vanquished.

Vanquished Creatures (others)
  An orc high priest (Lair:3)
  A vampire (D:11)
  3 orc warriors
  An orc priest (D:10)
  3 orc wizards
  An ufetubus (D:6)
  9 orcs
  A bush (D:6)
  30 fungi
  98 plants
148 creatures vanquished.

Grand Total: 659 creatures vanquished

Notes
Turn   | Place    | Note
-------+----------+-------------------------------------------
     0 | D:1      | Malachi the Hill Orc Fighter began the quest for the Orb.
     0 | D:1      | Reached XP level 1. HP: 19/19 MP: 1/1
     1 | D:1      | Found a runed translucent door.
   289 | D:1      | Reached XP level 2. HP: 26/26 MP: 2/2
   442 | D:1      | Reached XP level 3. HP: 14/31 MP: 3/3
   928 | D:1      | Reached skill level 5 in Axes
  1278 | D:2      | Found a faded altar of an unknown god.
  1296 | D:2      | Noticed Terence
  1305 | D:2      | Killed Terence
  1306 | D:2      | Reached XP level 4. HP: 34/39 MP: 4/4
  1480 | D:2      | Reached skill level 1 in Maces & Flails
  1701 | D:2      | You fall into a shaft and drop 1 floor!
  1922 | D:2      | Identified the +7 whip "Cusuujas" {distort, Will+ MP+9}
  2006 | D:2      | Reached XP level 5. HP: 45/45 MP: 5/5
  2319 | D:3      | Noticed Grinder
  2325 | D:3      | Banished Grinder
  2326 | D:3      | Reached skill level 5 in Maces & Flails
  2326 | D:3      | Reached XP level 6. HP: 24/51 MP: 6/6
  2820 | D:3      | Became a worshipper of Beogh the Brigand
  2884 | D:3      | Found a burning altar of Makhleb.
  2908 | D:3      | Found a basalt altar of Yredelemnul.
  3245 | D:4      | Reached XP level 7. HP: 57/57 MP: 7/7
  3379 | D:4      | Noticed Ijyb
  3380 | D:4      | Paralysed by Ijyb for 5 turns
  3386 | D:4      | Banished Ijyb
  3419 | D:4      | Found Doirgh's Antique Weapon Boutique.
  3445 | D:4      | Noticed Natasha
  3450 | D:4      | Killed Natasha
  3460 | D:4      | Reached * piety under Beogh
  3512 | D:4      | Found a shimmering blue altar of Sif Muna.
  3688 | D:4      | Noticed Natasha
  3691 | D:4      | Killed Natasha
  3793 | D:5      | Entered Level 5 of the Dungeon
  3799 | D:5      | Reached XP level 8. HP: 54/64 MP: 8/8
  3906 | D:5      | Found a staircase to the Ecumenical Temple.
  3947 | D:5      | Found a radiant altar of Vehumet.
  4090 | Temple   | Entered the Ecumenical Temple
  4513 | D:5      | Found an ornate altar of the Wu Jian Council.
  4782 | D:6      | Reached skill level 10 in Maces & Flails
  5139 | D:6      | Noticed a troll
  5147 | D:6      | Noticed Pikel
  5148 | D:6      | Killed a troll
  5149 | D:6      | Reached XP level 9. HP: 42/70 MP: 9/9
  5153 | D:6      | Killed Pikel
  5154 | D:6      | Reached skill level 5 in Shields
  5242 | D:5      | Reached ** piety under Beogh
  5498 | D:6      | Found a broken altar of Ashenzari.
  5691 | D:6      | Found a blossoming altar of Fedhas.
  5934 | D:6      | Noticed Maggie
  5948 | D:6      | Killed Maggie
  6652 | D:7      | Reached XP level 10. HP: 77/77 MP: 10/10
  6705 | D:7      | Noticed Prince Ribbit
  6728 | D:7      | Killed Prince Ribbit
  7543 | D:7      | Reached *** piety under Beogh
  7619 | D:8      | Found Gutol's Armour Emporium.
  7684 | D:8      | Found a sacrificial altar of Ru.
  7710 | D:8      | Found a bloodstained altar of Trog.
  8034 | D:8      | Found a glowing golden altar of the Shining One.
  8526 | D:9      | Found a transporter.
  8526 | D:9      | Noticed generaletaddeo's ghost (journeyman MeWn)
  8533 | D:9      | Found a transporter.
  9009 | D:9      | Found a hazy altar of Hepliaklqana.
  9499 | D:10     | Entered Level 10 of the Dungeon
  9591 | D:10     | Reached skill level 10 in Shields
  9614 | D:10     | Reached XP level 11. HP: 66/82 MP: 11/11
  9654 | D:10     | Reached **** piety under Beogh
  9925 | D:10     | Found a staircase to the Lair.
 10277 | D:10     | Identified the +9 trident of Fortitude {elec, Dex+2 Stlth+}
 10294 | D:10     | Found an opulent altar of Gozag.
 10299 | D:10     | Found a glowing silver altar of Zin.
 10755 | D:10     | Noticed a two-headed ogre
 10757 | D:10     | Noticed a sea snake
 10757 | D:10     | a two-headed ogre changed into a sea snake
 10761 | D:10     | Banished a sea snake
 10962 | D:10     | Identified the +0 ring mail of the Sun {Contam +Inv rC++
                  | Int+3}
 11210 | D:10     | Found an ancient bone altar of Kikubaaqudgha.
 11455 | D:11     | Reached skill level 15 in Maces & Flails
 11604 | D:11     | Noticed Harold
 11613 | D:11     | Killed Harold
 11744 | D:11     | Gained Bogdan as an ally
 12017 | D:11     | Noticed a five-headed hydra
 12023 | D:11     | Killed a five-headed hydra
 12267 | D:11     | Found a staircase to the Orcish Mines.
 12676 | D:9      | Identified the +4 chain mail of the Gate {Stlth+}
 13011 | D:1      | Reached ***** piety under Beogh
 13089 | D:4      | Noticed Natasha
 13091 | D:4      | Killed Natasha
 13223 | D:9      | Killed generaletaddeo's ghost
 13224 | D:9      | Reached XP level 12. HP: 32/90 MP: 11/13
 13822 | D:4      | Bought a jewelled battleaxe for 287 gold pieces
 13822 | D:4      | Identified the +8 battleaxe "Wila" {vorpal, Str+4} (You
                  | bought it in a shop on level 4 of the Dungeon)
 14569 | D:12     | Noticed a boulder beetle
 14582 | D:12     | Banished a boulder beetle
 14692 | D:12     | Reached skill level 5 in Invocations
 14845 | D:12     | Noticed a centaur warrior
 14850 | D:12     | Killed a centaur warrior
 15063 | D:12     | Gained Dorog as an ally
 15524 | D:13     | Noticed a centaur warrior
 15538 | D:13     | Killed a centaur warrior
 16112 | D:13     | Noticed a jorogumo
 16112 | D:13     | Noticed an ice dragon
 16112 | D:13     | a jorogumo changed into an ice dragon
 16113 | D:13     | Found a gate to the Vaults.
 16114 | D:13     | an ice dragon changed into a tyrant leech
 16115 | D:13     | Noticed an emperor scorpion
 16115 | D:13     | a tyrant leech changed into an emperor scorpion
 16116 | D:13     | Noticed a fenstrider witch
 16116 | D:13     | an emperor scorpion changed into a fenstrider witch
 16119 | D:13     | Noticed an alligator snapping turtle
 16119 | D:13     | a fenstrider witch changed into an alligator snapping
                  | turtle
 16126 | D:13     | Noticed a dire elephant
 16132 | D:13     | Noticed a fire giant
 16132 | D:13     | a dire elephant changed into a fire giant
 16135 | D:13     | Killed a fire giant
 16283 | D:13     | Found a runed translucent gate.
 16284 | D:13     | Found a runed translucent gate.
 16284 | D:13     | Found a runed translucent gate.
 16449 | D:13     | Reached XP level 13. HP: 95/95 MP: 18/20
 16457 | D:13     | Reached skill level 15 in Shields
 16457 | D:13     | Reached skill level 10 in Invocations
 16460 | D:13     | Found a runed translucent gate.
 16460 | D:13     | Found a runed translucent gate.
 16465 | D:13     | Noticed RepoMan's ghost (journeyman FeAr)
 16469 | D:13     | Found a runed translucent gate.
 16561 | Lair:1   | Entered Level 1 of the Lair of Beasts
 17651 | Lair:2   | Reached skill level 5 in Fighting
 18076 | Lair:2   | Killed Sonja
 18524 | Lair:2   | Found a staircase to the Swamp.
 18690 | Lair:3   | Found a runed translucent gate.
 18706 | Lair:3   | Found a runed translucent gate.
 18706 | Lair:3   | Found a runed translucent gate.
 18709 | Lair:3   | Noticed a great orb of eyes
 18709 | Lair:3   | Noticed Garessta's ghost (adept GnHu)
 18716 | Lair:3   | Found a viscous altar of Jiyva.
 18724 | Lair:3   | Reached ****** piety under Beogh
 18726 | Lair:3   | Paralysed by a great orb of eyes for 4 turns
 18731 | Lair:3   | Killed a great orb of eyes
 18739 | Lair:3   | Your ally Dorog died
 18742 | Lair:3   | Killed Garessta's ghost
 18783 | Lair:3   | Got Jistorpheuri's Lectures on Unholy Magic
 18862 | Lair:3   | Gained Borgun as an ally
 19153 | Lair:3   | Identified the +1 chain mail of the Final Ultimatums {Fly
                  | Slay+2}
 19157 | Lair:3   | Found a staircase to the Snake Pit.
 19268 | Lair:3   | Noticed Amaemon
 19277 | Lair:3   | Killed Amaemon
 19352 | Lair:3   | Reached XP level 14. HP: 103/116 MP: 24/24
 19925 | Lair:4   | Found a snail-covered altar of Cheibriados.
 20514 | Lair:5   | Found a viscous altar of Jiyva.
 20515 | Lair:5   | Found a staircase to the Slime Pits.
 21116 | Lair:5   | Reached skill level 15 in Invocations
 21152 | Lair:5   | Your ally Dorog died
 21328 | Lair:5   | Identified the +8 short sword "Has Isomp" {vorpal, Will+
                  | Dex+3}
 21344 | Lair:5   | Reached skill level 10 in Fighting
 21740 | Lair:6   | Entered Level 6 of the Lair of Beasts
 21778 | Lair:5   | Slain by a death yak

Illustrated notes

Levels and vault maps discovered:
D:1:      dpeg_arrival_caged_fury, layout_loops_ring, nicolae_titane
D:2:      minmay_spotlight, layout_basic,
          chequers_ecumenical_altar_simple_redux, minmay_misc_feat_ornament,
          uniq_terence
D:3:      layout_basic, mainiacjoe_overflow_two_lobes, st_stairs_10,
          uniq_grinder
D:4:      layout_basic, led_sif_pool, serial_shops, nicolae_shop_crystal,
          kennysheep_generic_room_16, uniq_natasha, uniq_ijyb
D:5:      layout_layer_cave, nicolae_overflow_hidden_temple,
          mainiacjoe_overflow_cross_hatched, minmay_temple_entry_mist
D:6:      layout_basic, cheibrodos_ashenzari_chains, fedhas_altar_decomposition,
          hex_large, uniq_maggie, uniq_pikel
D:7:      layout_gridville, uniq_prince_ribbit1
D:8:      layout_loops_ring, mainiacjoe_overflow_catwalk,
          mainiacjoe_overflow_alcove_4, mainiacjoe_overflow_tiny_flanked,
          serial_shops, shop_statue
D:9:      layout_grid_maze, nicolae_hepliaklqana_hazy_memory,
          gammafunk_ghost_stat_death, grunt_decor_clamped, minivault_21
D:10:     erik_cavepeople, layout_basic, grunt_temple_overflow_gold_and_silver,
          nicolae_kikubaaqudgha_miasma_corner, david_lair_shrubbed,
          minmay_nine_imps
D:11:     layout_rooms, orc_0_dummy, kennysheep_generic_room_9, uniq_harold
D:12:     layout_stronghold
D:13:     layout_rooms, david_vaults_2,
          ploomutoo_gammafunk_ghost_potion_laboratory, minmay_tree_intersection
Temple:   nicolae_temple_bog_church
Lair:1:   layout_chaotic_city, grunt_megastairs_5, serial_bayou_shore_a,
          serial_bayou_shore_b
Lair:2:   layout_big_grid, nicolae_swamp_entry_splash_gauntlet,
          kennysheep_rathole, serial_bayou_shore_b, uniq_sonja
Lair:3:   layout_cave_shapes, minmay_snake_entry_six_corridors,
          gammafunk_ghost_ooze, grunt_megastairs_3, infiniplex_staircase_pool_2,
          serial_bayou_shore_b, lemuel_fruit_tree, uniq_amaemon
Lair:4:   minmay_lair_venomous_thicket, layout_misc_corridors, basic_altar
Lair:5:   layout_long_grid, slime_entry_1, ldierk_geyser,
          infiniplex_staircase_pool
Lair:6:   hangedman_lair_caniforms_friends, layout_regular_city,
          hangedman_lair_in_review, roderic_batcave, uniq_josephine

Skill      XL: |  1  2  3  4  5  6  7  8  9 10 11 12 13 14 |
---------------+-------------------------------------------+-----
Axes           | 3 4 5 |  5.8
Maces & Flails | 2 5 6 8 10 12 14 15 | 15.7
Shields        | 4 7 10 12 14 15 | 15.0
Invocations    | 2 9 14 15 | 15.4
Fighting       | 8 10 | 10.5
Armour         | |  3.2

Action                   |  1- 3 |  4- 6 |  7- 9 | 10-12 | 13-15 || total
-------------------------+-------+-------+-------+-------+-------++-------
Melee: War axe           |    93 |       |       |       |       ||    93
       Morningstar       |       |    77 |   178 |   488 |   287 ||  1030
Invok: Convert to Beogh  |       |     1 |       |       |       ||     1
       Give Item to Name |       |       |       |     2 |     1 ||     3
       Recall Orcish Fol |       |       |       |     1 |     3 ||     4
       Resurrection      |       |       |       |       |     1 ||     1
       Smiting           |       |       |       |       |     1 ||     1
Evoke: Wand              |       |       |       |    11 |       ||    11
  Use: Potion            |     1 |       |       |     4 |     2 ||     7
       Scroll            |       |     7 |     2 |    11 |     7 ||    27
 Stab: Distracted        |       |       |       |     3 |     2 ||     5
       Invisible         |       |       |       |     2 |     1 ||     3
Armor: Scale mail        |    38 |    34 |    62 |    57 |       ||   191
       Swamp dragon scal |       |       |       |    77 |    58 ||   135
Dodge: Dodged            |    51 |    29 |    44 |   111 |    55 ||   290
Block: Buckler           |    27 |    27 |    43 |       |       ||    97
       Reflection        |       |       |     5 |    23 |       ||    28
       Kite shield       |       |       |    68 |   356 |   237 ||   661

Table legend: (Time is in decaauts)
 A = Elapsed time spent in this place.
 B = Non-inter-level travel time spent in this place.
 C = Inter-level travel time spent in this place.
 D = Time resting spent in this place.
 E = Time spent auto-exploring this place.
 F = Levels seen in this place.
 G = Mean time per level.
                   A        B        C        D        E       F      G
               +--------+--------+--------+--------+--------+-----+--------+
         Total |  21784 |  20184 |   1600 |   2793 |  14053 |  20 | 1089.2 |
       Dungeon |  16418 |  14958 |   1460 |   2151 |  10295 |  13 | 1262.9 |
        Temple |    189 |    167 |     22 |      0 |    158 |   1 |  189.0 |
          Lair |   5176 |   5059 |    117 |    642 |   3600 |   6 |  862.7 |
               +--------+--------+--------+--------+--------+-----+--------+

Top non-repeatable levels by time:
    D:10: 2474 daAuts
     D:9: 1663 daAuts
     D:6: 1633 daAuts
    D:12: 1408 daAuts
     D:1: 1263 daAuts
  Lair:2: 1246 daAuts
  Lair:5: 1245 daAuts
     D:7: 1152 daAuts
     D:2: 1151 daAuts
  Lair:3: 1047 daAuts
     D:5: 1025 daAuts
     D:8: 994 daAuts
    D:13: 981 daAuts
     D:3: 972 daAuts
    D:11: 872 daAuts
